 Dungeon Sprint DCSS version 0.29.1-2-gbd0b4ee654 (webtiles) character file.

Game seed: 97722378333569546

21223 Zeld the Executioner (level 12, -4/127 HPs)
             Began as a Minotaur Berserker on Oct 29, 2022.
             Was the Champion of Trog.
             Killed by divine providence
             ... invoked by Saint Roka
              (14 damage)
             ... in the Dungeon (Sprint VII: "The Pits").
             The game lasted 00:05:33 (4125 turns).

Zeld the Executioner (Minotaur Berserker)           Turns: 4125, Time: 00:05:33

Health: -4/127     AC: 22    Str: 27    XL:     12   Next: 52%
Magic:  11/11      EV: 19    Int:  4    God:    Trog [******]
Gold:   39         SH:  0    Dex: 10    Spells: 11/11 levels left

rFire   . . .      SeeInvis .   o - +13 battleaxe of Courage {vorpal, Fly}
rCold   . . .      Faith    .   (shield currently unavailable)
rNeg    . . .      Spirit   .   b - +3 plate armour
rPois   .          Reflect  .   (helmet restricted)
rElec   .          Harm     .   (no cloak)
rCorr   .          Rampage  .   n - +0 pair of gloves
Will    .....      NoTele   +   (no boots)
Stlth   ..........              (no amulet)
HPRegen 0.31/turn               k - +3 ring of evasion
MPRegen 0.12/turn               l - +3 ring of evasion

@: on berserk cooldown, flying, slowed, very slow
A: horns 2, retaliatory headbutt
a: Renounce Religion, Berserk, Trog's Hand, Brothers in Arms


You were in the Dungeon.
You worshipped Trog.
Trog was exalted by your worship.
You visited 1 branch You collected 39 gold pieces.

Inventory:

Hand Weapons
 a - a +6 antimagic executioner's axe
 o - the +13 battleaxe of Courage (weapon) {vorpal, Fly}
   (Trog gifted it to you in the Dungeon)

   It inflicts extra damage upon your enemies.
   Fly:       It grants you flight.
Armour
 b - a +3 plate armour (worn)
 n - a +0 pair of gloves (worn)
Jewellery
 k - a +3 ring of evasion (left hand)
 l - a +3 ring of evasion (right hand)
Wands
 p - a wand of polymorph (1)
Scrolls
 h - a scroll of blinking
 j - a scroll of summoning
 r - a scroll of identify
 t - 2 scrolls of fear
 u - a scroll of fog
 v - 2 scrolls of enchant armour
Potions
 c - 6 potions of curing
 d - 16 potions of heal wounds
 e - a potion of haste
 f - 4 potions of magic
 g - 4 potions of berserk rage
 i - 2 potions of invisibility
 m - 5 potions of resistance
 s - 4 potions of might


   Skills:
 + Level 18.0 Fighting
 - Level 24.0 Axes
 + Level 17.8 Armour
 + Level 16.4 Dodging


You had 11 spell levels left.
You didn't know any spells.
Your spell library was empty.

Dungeon Overview and Level Annotations

Branches:
Dungeon (1/1)

Altars:
Ashenzari
Cheibriados
Dithmenos
Elyvilon
Fedhas
Gozag
Hepliaklqana
Kikubaaqudgha
Makhleb
Nemelex Xobeh
Okawaru
Qazlal
Ru
Sif Muna
Trog
Uskayaw
Vehumet
Wu Jian
Xom
Yredelemnul
Zin
The Shining One
Jiyva
Lugonu

Annotations:
D Saint Roka


Innate Abilities, Weirdness & Mutations

You have a pair of horns on your head.
You reflexively headbutt those who attack you in melee.


Message History

a +0 troll leather armour; a troll skeleton Your stone giant closely misses the orc.
The orc completely misses your stone giant.
Your stone giant hits the orc!!!
The orc dies!
Trog accepts your kill.
Saint Roka mumbles some strange prayers to Beogh against you.
Beogh smites you!
* * * LOW HITPOINT WARNING * * *
Your stone giant rages.
Your stone giant misses Saint Roka.
Your troll bites Saint Roka!
Your troll claws Saint Roka!
Your troll claws Saint Roka but does no damage.
Unknown command.
Your troll is smitten.
A bolt appears from out of your range of vision.
The bolt barely misses your troll.
Unknown command.
Your stone giant rages.
A bolt appears from out of your range of vision.
The bolt closely misses your troll.
Your troll rages.
Your troll is smitten.
You start resting.
A bolt appears from out of your range of vision.
The bolt closely misses your troll.
A bolt appears from out of your range of vision.
The bolt hits your troll!
Your troll dies!
Your troll's corpse disappears in a puff of smoke!
Your stone giant rages.
Your stone giant is no longer berserk.
A bolt appears from out of your range of vision.
The bolt hits your stone giant.
Okay, then.
You swap places.
Saint Roka shoots a bolt.
The bolt hits you!
* * * LOW HITPOINT WARNING * * *
Saint Roka invokes the aid of Beogh against you.
Beogh smites you!
You die...

.....# .....# ..#..# .....+ .....+
###''#
###''############################
.##............C...........o....o
.##.)รท..........@....Do[....)...o
.##..##############++############
.##..# .##..# .##..# .##..# .##..#
###..# ###..#


You could see Saint Roka (ally target), a four-headed hydra and a friendly stone
giant (summoned, slow).

Vanquished Creatures
  A deep elf master archer (D)
  An emperor scorpion (D)
  An ophan (D)
  Harold (D)
  A catoblepas (D)
  A death yak (D)
  A shadow wraith (D)
  A sea snake (D)
  2 bog bodies (D)
  2 harpies (D)
  A necromancer (D)
  An orc sorcerer (D)
  A cyclops (D)
  3 manticores (D)
  A merfolk siren (D)
  A smoke demon (D)
  A gargoyle (D)
  An eye of devastation (D)
  An unseen horror (D)
  A komodo dragon (D)
  2 freezing wraiths (D)
  A hellwing (D)
  2 trolls (D)
  2 polar bears (D)
  A tarantella (D)
  4 blink frogs (D)
  11 dream sheep (D)
  A snapping turtle (D)
  2 water elementals (D)
  A shadow (D)
  4 vampire mosquitoes (D)
  A warg (D)
  Duvessa (D)
  A water moccasin (D)
  4 black bears (D)
  3 orc warriors (D)
  2 swamp drakes (D)
  7 wolves (D)
  A centaur (D)
  A kobold brigand (D)
  A necrophage (D)
  4 wights (D)
  Dowan (D)
  2 crimson imps (D)
  3 quasits (D)
  A jelly (D)
  A hell rat (D)
  3 gnolls (D)
  A river rat (D)
  An adder (D)
  6 orcs (D)
  A ball python (D)
  An endoplasm (D)
  A goblin (D)
  A hobgoblin (D)
  A quokka (D)
  A ball python skeleton (D)
  2 ball python zombies (D)
  A bat (D)
  A frilled lizard (D)
  A jackal zombie (D)
111 creatures vanquished.

Vanquished Creatures (collateral kills)
  3 harpies (D)
  An orc sorcerer (D)
  An orc warrior (D)
  2 orcs (D)
7 creatures vanquished.

Vanquished Creatures (others)
  2 orcs (D)
2 creatures vanquished.

Grand Total: 120 creatures vanquished

Notes
Turn   | Place    | Note
-------+----------+-------------------------------------------
     0 | D        | Zeld the Minotaur Berserker began the quest for the Orb.
     0 | D        | Reached XP level 1. HP: 19/19 MP: 0/0
    11 | D        | Noticed a dream sheep
    28 | D        | Killed a dream sheep
    29 | D        | Reached skill level 9 in Axes
    29 | D        | Reached skill level 5 in Dodging
    29 | D        | Reached XP level 2. HP: 31/31 MP: 1/1
    29 | D        | Reached XP level 3. HP: 38/38 MP: 2/2
    29 | D        | Reached XP level 4. HP: 45/45 MP: 3/3
    29 | D        | Reached XP level 5. HP: 51/51 MP: 4/4
   118 | D        | Found a bloodstained altar of Trog.
   118 | D        | Found a shimmering blue altar of Sif Muna.
   118 | D        | Found a viscous altar of Jiyva.
   118 | D        | Found a hazy altar of Hepliaklqana.
   118 | D        | Found an opulent altar of Gozag.
   119 | D        | Found a glowing golden altar of the Shining One.
   119 | D        | Found a glowing silver altar of Zin.
   119 | D        | Found a basalt altar of Yredelemnul.
   119 | D        | Found a shimmering altar of Xom.
   119 | D        | Found an ornate altar of the Wu Jian Council.
   119 | D        | Found a sacrificial altar of Ru.
   119 | D        | Found a stormy altar of Qazlal.
   119 | D        | Found an iron altar of Okawaru.
   119 | D        | Found a sparkling altar of Nemelex Xobeh.
   119 | D        | Found a burning altar of Makhleb.
   119 | D        | Found a blossoming altar of Fedhas.
   119 | D        | Found a white marble altar of Elyvilon.
   119 | D        | Found a shadowy altar of Dithmenos.
   119 | D        | Found a snail-covered altar of Cheibriados.
   120 | D        | Found a radiant altar of Vehumet.
   120 | D        | Found a corrupted altar of Lugonu.
   121 | D        | Found a hide-covered altar of Uskayaw.
   121 | D        | Found an ancient bone altar of Kikubaaqudgha.
   121 | D        | Found a broken altar of Ashenzari.
   226 | D        | Reached ** piety under Trog
   305 | D        | Reached *** piety under Trog
   314 | D        | Reached skill level 10 in Axes
   314 | D        | Reached XP level 6. HP: 47/60 MP: 5/5
   435 | D        | Reached **** piety under Trog
   436 | D        | Reached skill level 11 in Axes
   445 | D        | Reached ***** piety under Trog
   446 | D        | Reached XP level 7. HP: 69/69 MP: 6/6
   449 | D        | Reached skill level 12 in Axes
   584 | D        | Noticed a manticore
   593 | D        | Killed a manticore
   594 | D        | Reached skill level 10 in Fighting
   594 | D        | Reached skill level 13 in Axes
   609 | D        | Reached XP level 8. HP: 79/79 MP: 7/7
   646 | D        | Noticed a death yak
   658 | D        | Received a gift from Trog
   659 | D        | Reached skill level 14 in Axes
   659 | D        | Reached skill level 10 in Armour
   662 | D        | Killed a death yak
   663 | D        | Reached skill level 15 in Axes
   663 | D        | Reached skill level 10 in Dodging
   790 | D        | Noticed a dream sheep
   790 | D        | Noticed a dream sheep
   790 | D        | Noticed a dream sheep
   790 | D        | Noticed a dream sheep
   790 | D        | Noticed a dream sheep
   791 | D        | Noticed a dream sheep
   794 | D        | Noticed a merfolk siren
   796 | D        | Killed a dream sheep
   796 | D        | Killed a dream sheep
   796 | D        | Killed a dream sheep
   797 | D        | Reached skill level 16 in Axes
   797 | D        | Reached XP level 9. HP: 90/90 MP: 2/8
   797 | D        | Reached ****** piety under Trog
   802 | D        | Noticed a cyclops
   803 | D        | Received a gift from Trog
   806 | D        | Killed a merfolk siren
   808 | D        | Reached skill level 17 in Axes
   811 | D        | Noticed a bog body
   812 | D        | Killed a cyclops
   813 | D        | Killed a bog body
   813 | D        | Received a gift from Trog
   814 | D        | Reached XP level 10. HP: 92/101 MP: 3/9
   814 | D        | Noticed an orc sorcerer
   817 | D        | Killed an orc sorcerer
   818 | D        | Reached skill level 18 in Axes
  1149 | D        | Noticed a manticore
  1152 | D        | Killed a manticore
  1152 | D        | Received a gift from Trog
  1411 | D        | Reached skill level 19 in Axes
  1415 | D        | Killed a shadow wraith
  1817 | D        | Noticed a sea snake
  1823 | D        | Killed a sea snake
  1826 | D        | Received a gift from Trog
  1827 | D        | Reached skill level 20 in Axes
  1827 | D        | Reached XP level 11. HP: 111/111 MP: 10/10
  2056 | D        | Reached skill level 15 in Fighting
  2057 | D        | Received a gift from Trog
  2095 | D        | Noticed a necromancer
  2105 | D        | Killed a necromancer
  2106 | D        | Reached skill level 15 in Armour
  2356 | D        | Noticed Harold
  2356 | D        | Noticed Duvessa
  2356 | D        | Noticed Dowan
  2360 | D        | Received a gift from Trog
  2371 | D        | Reached skill level 21 in Axes
  2372 | D        | Killed Duvessa
  2376 | D        | Killed Harold
  2376 | D        | Received a gift from Trog
  2381 | D        | Received a gift from Trog
  2392 | D        | Killed Dowan
  2661 | D        | Received a gift from Trog
  2662 | D        | Reached skill level 22 in Axes
  3032 | D        | Noticed an emperor scorpion
  3032 | D        | Noticed a harpy
  3032 | D        | Noticed a harpy
  3032 | D        | Noticed a harpy
  3032 | D        | Noticed a harpy
  3032 | D        | Noticed an ophan
  3032 | D        | Noticed a deep elf master archer
  3032 | D        | Killed a harpy
  3033 | D        | Noticed a harpy
  3034 | D        | Killed an ophan
  3035 | D        | Reached skill level 15 in Dodging
  3035 | D        | Killed a harpy
  3036 | D        | Killed a harpy
  3036 | D        | Killed a harpy
  3037 | D        | Reached XP level 12. HP: 124/124 MP: 3/11
  3039 | D        | Killed a deep elf master archer
  3040 | D        | Reached skill level 23 in Axes
  3040 | D        | Identified the +13 battleaxe of Courage {vorpal, Fly} (Trog
                  | gifted it to you in the Dungeon)
  3040 | D        | Received a gift from Trog
  3042 | D        | Killed an emperor scorpion
  3492 | D        | Noticed a catoblepas
  3517 | D        | Killed a catoblepas
  3517 | D        | Received a gift from Trog
  4088 | D        | Noticed Saint Roka
  4095 | D        | Reached skill level 24 in Axes
  4100 | D        | Received a gift from Trog
  4103 | D        | Noticed a four-headed hydra
  4125 | D        | Killed from afar by Saint Roka

Illustrated notes

Levels and vault maps discovered:
D:        pitsprint [storerooms_1, entrance_room_1, metal_vault_5, armoury_2,
          mini_pit_1, grid_room_1, main_hall_1, silver_pit, the_coven_3,
          the_vestibule_1, steel_vault_3, golden_pit, hallway_of_sentries,
          crystal_vault_1, iron_vault_4, final_vault]

Skill      XL: |  1  2  3  4  5  6  7  8  9 10 11 12 |
---------------+-------------------------------------+-----
Fighting       | 6 7 8 10 11 13 14 16 18 | 18.0
Axes           | 9 10 11 13 16 17 20 22 24 | 24.0
Armour         | 6 7 8 9 11 12 14 16 17 | 17.8
Dodging        | 5 6 7 9 10 11 13 15 16 | 16.4

Action                   |  1- 3 |  4- 6 |  7- 9 | 10-12 || total
-------------------------+-------+-------+-------+-------++-------
Melee: Hand axe          |     4 |    35 |    45 |       ||    84
       Headbutt          |       |     9 |    10 |    17 ||    36
       Battleaxe         |       |       |    19 |   114 ||   133
       Executioner's axe |       |       |       |     8 ||     8
Invok: Berserk           |     1 |     1 |     3 |     7 ||    12
       Trog's Hand       |       |       |     1 |       ||     1
       Brothers in Arms  |       |       |       |     4 ||     4
  Use: Scroll            |       |       |       |     7 ||     7
 Stab: Sleeping          |       |     1 |       |       ||     1
Armor: Animal skin       |       |     1 |       |       ||     1
       Plate armour      |       |     5 |    38 |    62 ||   105
Dodge: Dodged            |     1 |    15 |    25 |   146 ||   187
